Influenza vs Rafales

Created - June 3, 2017 at 11:32

Goals
1 2 3 T
Influenza 3 1 1 5
Rafales 4 1 2 7
Shots
1 2 3 T
Influenza 11 8 10 29
Rafales 17 7 12 36

1st period

1. Rafales , Mike Sislo 4 (Mark Fayne 2, Willie Mitchell 4) at 0:30
2. Influenza , Ben Smith 2 (Jamie Benn 3, Ryan Carter 2) at 4:24
3. Rafales , Cody McLeod 5 (Mike Zigomanis 5, Johan Ryno 2) at 6:32
4. Rafales , Nathan Davis 3 (Jeff Skinner 3) at 8:46
5. Rafales , Johan Ryno 3 (Mike Zigomanis 6, Cody McLeod 3) at 11:14
6. Influenza , Ben Smith 3 (Ryan Carter 3) at 11:37 (PP)
7. Influenza , Ben Smith 4 (Ryan Carter 4, Jamie Benn 4) at 17:52

Penalties :
Matt Gilroy (Stf) for Tripping (Minor) at 11:25

2nd period

8. Rafales , Milan Bartovic 2 (Nathan Davis 4) at 8:06
9. Influenza , Jeremy Morin 1 (Evgeny Grachev 2, Matt Corrente 2) at 11:39

Penalties :
No Penalty

3rd period

10. Rafales , Michael Bournival 1 (Jonas Junland 1, Jonathan Rheault 1) at 2:07
11. Rafales , Tim Crowder 4 (Dan Fritsche 4) at 10:49
12. Influenza , Evgeny Grachev 2 (Martins Karsums 2, Matt Corrente 3) at 12:13

Penalties :
Evgeny Grachev (VJB) for Interference (Minor) at 16:23

Goalie Stats

Olivier Roy (VJB), 11 saves from 15 shots - (0.733), 11:14 minutes
Thomas McCollum (VJB), 18 saves from 21 shots - (0.857), L, 0-3-1, 48:46 minutes
John Gibson (Stf), 24 saves from 29 shots - (0.828), W, 4-0-0, 60:00 minutes

Players Stats for Influenza

Player Name              G  A  P  +/- PIM S  H  SB GA TA FO     MP     PP MP  PK MP  
------------------------------------------------------------------------------------
Andreas Engqvist         0  0  0   0  0   1  1  0  0  0  1/4     7:56   0:00   0:00 
Ben Smith                3  0  3  -2  0   5  2  2  2  2  1/2    21:13   0:12   0:28 
Brian Salcido            0  0  0  -1  0   0  0  1  0  0  0/0     6:53   0:00   0:00 
Charlie Coyle            0  0  0  -1  0   0  0  0  0  1  2/5    11:21   0:00   0:00 
Colin McDonald           0  0  0   0  0   0  0  0  0  0  0/0     0:42   0:00   0:20 
Corey Tropp              0  0  0   0  0   1  0  0  1  0  0/0     7:56   0:00   0:00 
Evgeny Grachev           1  1  2   0  2   5  4  0  0  0  6/14   17:27   0:00   0:00 
Iiro Pakarinen           0  0  0   0  0   0  0  0  0  0  0/0     0:48   0:00   0:00 
Jacob Josefson           0  0  0   0  0   0  0  0  0  0  0/0     0:08   0:00   0:00 
Jamie Benn               0  2  2  -2  0   2  3  2  1  0  2/4    22:13   0:12   1:11 
Jeff May                 0  0  0   0  0   1  0  0  0  1  0/0    12:50   0:00   0:00 
Jeremy Morin             1  0  1  -1  0   1  1  0  0  0  0/0    11:21   0:00   0:00 
John Klingberg           0  0  0  -3  0   1  0  0  2  1  0/0    22:09   0:12   0:59 
Jordan Schroeder         0  0  0   0  0   0  0  0  0  0  0/0     0:23   0:00   0:00 
Martins Karsums          0  1  1   0  0   3  2  0  0  2  1/1    17:25   0:00   0:00 
Mathieu Carle            0  0  0  -3  0   0  2  2  0  1  0/0    22:09   0:12   0:59 
Matt Corrente            0  2  2   1  0   1  1  1  1  0  0/0    18:08   0:00   1:00 
Oskars Bartulis          0  0  0   0  0   0  1  0  0  1  0/0    12:50   0:00   0:00 
Philippe Cornet          0  0  0   0  0   0  0  0  0  0  0/0     0:00   0:00   0:00 
Robbie Earl              0  0  0   0  0   2  1  0  0  1  0/0    18:17   0:00   1:11 
Ryan Carter              0  3  3  -2  0   3  0  1  0  0  12/30  21:13   0:12   0:28 
Ryan Russell             0  0  0   0  0   0  1  0  1  0  0/0     8:16   0:00   0:20 
T.J Brodie               0  0  0  -1  0   1  0  0  0  0  0/0     6:53   0:00   0:00 
T.J Galiardi             0  0  0  -1  0   2  1  0  0  0  0/0    11:21   0:00   0:00 
Tim Erixon               0  0  0   1  0   0  0  0  0  0  0/0    18:08   0:00   1:00 

Players Stats for Rafales

Player Name              G  A  P  +/- PIM S  H  SB GA TA FO     MP     PP MP  PK MP  
------------------------------------------------------------------------------------
Bruno Gervais            0  0  0   0  0   1  2  3  3  1  0/0    26:54   1:18   0:00 
Cody McLeod              1  1  2   1  0   6  2  0  0  0  1/2    21:51   1:05   0:12 
Connor Murphy            0  0  0   1  0   0  1  0  0  1  0/0    16:13   0:41   0:12 
Dan Fritsche             0  1  1   0  0   2  1  0  1  1  5/7    12:52   0:00   0:00 
Jeff Skinner             0  1  1   2  0   0  4  1  0  0  0/0    16:35   0:54   0:00 
Johan Ryno               1  1  2   1  0   2  0  1  1  0  0/1    20:51   0:00   0:00 
Jonas Junland            0  1  1   1  0   1  0  0  0  1  0/0    16:01   0:41   0:00 
Jonathan Rheault         0  1  1   0  0   1  0  0  0  0  1/1     8:58   0:00   0:00 
Kevin Veilleux           0  0  0   0  0   2  3  0  1  0  3/3     8:58   0:00   0:00 
Mark Fayne               0  1  1   2  0   0  2  3  0  2  0/0    21:45   0:00   0:00 
Matt Gilroy              0  0  0   0  2   3  2  2  0  0  0/0    22:01   1:18   0:00 
Michael Bournival        1  0  1   0  0   3  1  0  0  1  1/1    10:24   0:54   0:00 
Mike Sislo               1  0  1   0  0   1  5  0  0  0  0/0    12:04   0:00   0:00 
Mike Zigomanis           0  2  2   1  0   4  2  0  2  0  13/27  21:55   1:05   0:12 
Milan Bartovic           1  0  1   2  0   2  2  0  0  0  0/0    15:55   0:00   0:00 
Nathan Davis             1  1  2   2  0   6  0  0  2  0  11/18  16:15   0:54   0:00 
Tim Crowder              1  0  1   0  0   1  1  0  0  0  0/0    13:10   1:05   0:00 
Willie Mitchell          0  1  1   2  0   1  1  1  0  1  0/0    17:05   0:00   0:12 

3 Stars

1 - Ben Smith (VJB)
2 - Nathan Davis (Stf)
3 - Cody McLeod (Stf)

Power Play

Influenza - 1 on 1 Attempt(s) - 100.00%
Rafales - 0 on 1 Attempt(s) - 0.00%

Penalty Kill

Influenza - 1 on 1 Attempt(s) - 100.00% - Score 0 goal in Penalty Kill
Rafales - 0 on 1 Attempt(s) - 0.00% - Score 0 goal in Penalty Kill

Team Stat

Influenza - Hits : 20 - Faceoff Wins : 25 - Blocked Shots : 9 - Penalty Minutes : 2
Rafales - Hits : 29 - Faceoff Wins : 35 - Blocked Shots : 11 - Penalty Minutes : 2

Official

Referees : Sutherland Kelly and Hasenfratz Mike
Linesman : Don Henderson and Steve Miller

Game Notes

Thomas McCollum enters game at 11:14 of 1st period
Ben Smith has scored a Hat Trick!

Finance

Level 1 -- Attendance: 1850 (92.50%) -- Ticket Income $64,750
Level 2 -- Attendance: 820 (82.00%) -- Ticket Income $12,300
Total Attendance: 2670 (89.00%)
Total Ticket Income: $77,050
Other Income: $3,852
Total Income: $80,902

Influenza

5 vs 5 Forward 
   Center                   Left Wing                Right Wing               Time % Phy DF OF 
 1 Ryan Carter              Jamie Benn               Ben Smith                40     1   2  2  
 2 Evgeny Grachev           Robbie Earl              Martins Karsums          30     1   2  2  
 3 Charlie Coyle            T.J Galiardi             Jeremy Morin             20     1   2  2  
 4 Andreas Engqvist         Ryan Russell             Corey Tropp              10     1   2  2  

5 vs 5 Defense 
   Defense                  Defense                                           Time % Phy DF OF 
 1 John Klingberg           Mathieu Carle                                     40     1   2  2  
 2 Matt Corrente            Tim Erixon                                        30     1   2  2  
 3 Jeff May                 Oskars Bartulis                                   20     1   2  2  
 4 Brian Salcido            T.J Brodie                                        10     1   2  2  

PowerPlay Forward 
   Center                   Left Wing                Right Wing               Time % Phy DF OF 
 1 Ryan Carter              Jamie Benn               Ben Smith                60     1   2  2  
 2 Evgeny Grachev           Robbie Earl              Martins Karsums          40     1   2  2  

PowerPlay Defense
   Defense                  Defense                                           Time % Phy DF OF 
 1 John Klingberg           Mathieu Carle                                     60     1   2  2  
 2 Matt Corrente            Tim Erixon                                        40     1   2  2  

Penalty Kill 4 Players Forward 
   Center                   Wing                     Time % Phy DF OF 
 1 Jamie Benn               Robbie Earl              60     1   2  2  
 2 Ryan Carter              Ben Smith                40     1   2  2  

Penalty Kill 4 Players Defense
   Defense                  Defense                  Time % Phy DF OF 
 1 John Klingberg           Mathieu Carle            60     1   2  2  
 2 Matt Corrente            Tim Erixon               40     1   2  2  

Penalty Kill - 3 Players Forward 
   Forward                                           Time % Phy DF OF 
 1 Jamie Benn                                        60     1   2  2  
 2 Robbie Earl                                       40     1   2  2  

Penalty Kill - 3 Players Defense
   Defense                  Defense                  Time % Phy DF OF 
 1 John Klingberg           Mathieu Carle            60     1   2  2  
 2 Matt Corrente            Tim Erixon               40     1   2  2  

4 vs 4 Forward 
   Center                   Wing                     Time % Phy DF OF 
 1 Jamie Benn               Robbie Earl              60     1   2  2  
 2 Ryan Carter              Ben Smith                40     1   2  2  

4 vs 4 Defense
   Defense                  Defense                  Time % Phy DF OF 
 1 John Klingberg           Mathieu Carle            60     1   2  2  
 2 Matt Corrente            Tim Erixon               40     1   2  2  

Last Minutes Offensive
   Center                   Left Wing                Right Wing               Defense                  Defense                  
   Ryan Carter              Jamie Benn               Ben Smith                John Klingberg           Mathieu Carle            

Last Minutes Defensive
   Center                   Left Wing                Right Wing               Defense                  Defense                  
   Ryan Carter              Jamie Benn               Ben Smith                John Klingberg           Mathieu Carle            

Goaltenders
Starting : Olivier Roy              
Backup : Thomas McCollum          

Extra Forwards
Normal : Iiro Pakarinen, Jordan Schroeder, Colin McDonald - PP : Iiro Pakarinen, Jordan Schroeder - PK : Colin McDonald
Extra Defensemen
Normal : Jeff May, Oskars Bartulis, Brian Salcido - PP : Jeff May - PK : Oskars Bartulis, Brian Salcido
Penalty Shots
Jamie Benn, Robbie Earl, Ryan Carter, Ben Smith, Martins Karsums

Scratches
Mark Scheifele (Left Leg Injury), Jamie Devane (Healthy), Ryan Sproul (Healthy), Colton Sceviour (Healthy), Carl Gunnarsson (Sprained Right Ankle Injury)
Tyson Sexsmith (Healthy)

Rafales

5 vs 5 Forward 
   Center                   Left Wing                Right Wing               Time % Phy DF OF 
 1 Mike Zigomanis           Cody McLeod              Johan Ryno               40     0   3  2  
 2 Nathan Davis             Jeff Skinner             Milan Bartovic           30     0   3  2  
 3 Dan Fritsche             Mike Sislo               Tim Crowder              20     0   3  2  
 4 Kevin Veilleux           Michael Bournival        Jonathan Rheault         10     0   3  2  

5 vs 5 Defense 
   Defense                  Defense                                           Time % Phy DF OF 
 1 Bruno Gervais            Matt Gilroy                                       40     0   4  1  
 2 Mark Fayne               Willie Mitchell                                   30     0   4  1  
 3 Connor Murphy            Jonas Junland                                     20     0   4  1  
 4 Mark Fayne               Bruno Gervais                                     10     0   4  1  

PowerPlay Forward 
   Center                   Left Wing                Right Wing               Time % Phy DF OF 
 1 Mike Zigomanis           Cody McLeod              Tim Crowder              60     0   0  5  
 2 Nathan Davis             Jeff Skinner             Michael Bournival        40     0   0  5  

PowerPlay Defense
   Defense                  Defense                                           Time % Phy DF OF 
 1 Bruno Gervais            Matt Gilroy                                       60     0   1  4  
 2 Connor Murphy            Jonas Junland                                     40     0   1  4  

Penalty Kill 4 Players Forward 
   Center                   Wing                     Time % Phy DF OF 
 1 Cody McLeod              Mike Zigomanis           60     0   5  0  
 2 Dan Fritsche             Jeff Skinner             40     0   5  0  

Penalty Kill 4 Players Defense
   Defense                  Defense                  Time % Phy DF OF 
 1 Connor Murphy            Willie Mitchell          60     0   5  0  
 2 Jonas Junland            Mark Fayne               40     0   5  0  

Penalty Kill - 3 Players Forward 
   Forward                                           Time % Phy DF OF 
 1 Cody McLeod                                       60     0   5  0  
 2 Mike Zigomanis                                    40     0   5  0  

Penalty Kill - 3 Players Defense
   Defense                  Defense                  Time % Phy DF OF 
 1 Connor Murphy            Willie Mitchell          60     0   5  0  
 2 Jonas Junland            Mark Fayne               40     0   5  0  

4 vs 4 Forward 
   Center                   Wing                     Time % Phy DF OF 
 1 Cody McLeod              Mike Zigomanis           60     0   1  4  
 2 Nathan Davis             Jeff Skinner             40     0   1  4  

4 vs 4 Defense
   Defense                  Defense                  Time % Phy DF OF 
 1 Willie Mitchell          Matt Gilroy              60     0   3  2  
 2 Connor Murphy            Jonas Junland            40     0   3  2  

Last Minutes Offensive
   Center                   Left Wing                Right Wing               Defense                  Defense                  
   Mike Zigomanis           Cody McLeod              Jeff Skinner             Matt Gilroy              Bruno Gervais            

Last Minutes Defensive
   Center                   Left Wing                Right Wing               Defense                  Defense                  
   Mike Zigomanis           Cody McLeod              Michael Bournival        Jonas Junland            Willie Mitchell          

Goaltenders
Starting : John Gibson              
Backup : Philipp Grubauer         

Extra Forwards
Normal : Cody McLeod, Mike Zigomanis, Jeff Skinner - PP : Cody McLeod, Mike Zigomanis - PK : Michael Bournival
Extra Defensemen
Normal : Bruno Gervais, Willie Mitchell, Connor Murphy - PP : Bruno Gervais - PK : Willie Mitchell, Matt Gilroy
Penalty Shots
Cody McLeod, Mike Zigomanis, Tim Crowder, Jeff Skinner, Nathan Davis

Scratches
Ben Sexton (Healthy), Brian Ferlin (Healthy), Ryan Bourque (Healthy), Carl Klingberg (Healthy), Nicklas Jensen (Healthy)
Geoff Paukovich (Healthy), Jayson Megna (Healthy), Marc-André Gragnani (Healthy), Brad Ross (Healthy), Dylan McIlrath (Healthy)
Petr Kalus (Healthy), Julian Melchiori (Healthy), David Broll (Healthy), Stefan Chaput (Healthy), James Marcou (Healthy)
Dennis Persson (Healthy), Akim Aliu (Healthy), Chris Terry (Healthy), Maksim Mayorov (Healthy), Hunter Tremblay (Healthy)

% Time on Ice - Influenza

Lines # - Real PCT - Wanted PCT - Time Play
Normal Forward
1 - 36% - 40% - 20:37
2 - 31% - 30% - 17:55
3 - 20% - 20% - 11:21
4 - 14% - 10% - 7:56
Normal Defense
1 - 36% - 40% - 20:58
2 - 30% - 30% - 17:08
3 - 22% - 20% - 12:50
4 - 12% - 10% - 6:53
PP Forward
1 - 100% - 60% - 0:12
2 - 0% - 40% - 0:00
PP Defense
1 - 100% - 60% - 0:12
2 - 0% - 40% - 0:00
PK Forward
1 - 76% - 60% - 1:31
2 - 24% - 40% - 0:28
PK Defense
1 - 50% - 60% - 0:59
2 - 50% - 40% - 1:00
PK3 Forward
1 - 0% - 60%
2 - 0% - 40%
PK3 Defense
1 - 0% - 60%
2 - 0% - 40%
44 Forward
1 - 0% - 60%
2 - 0% - 40%
44 Defense
1 - 0% - 60%
2 - 0% - 40%
Last Minute Offensive  - 0:00
Last Minute Defensive  - 0:00
Total
Forward - 60:00
Defense - 60:00

% Time on Ice - Rafales

Lines # - Real PCT - Wanted PCT - Time Play
Normal Forward
1 - 37% - 40% - 21:13
2 - 27% - 30% - 15:34
3 - 21% - 20% - 12:04
4 - 16% - 10% - 8:58
Normal Defense
1 - 36% - 40% - 20:44
2 - 30% - 30% - 17:17
3 - 26% - 20% - 14:45
4 - 9% - 10% - 5:03
PP Forward
1 - 55% - 60% - 1:05
2 - 45% - 40% - 0:54
PP Defense
1 - 66% - 60% - 1:18
2 - 34% - 40% - 0:41
PK Forward
1 - 100% - 60% - 0:12
2 - 0% - 40% - 0:00
PK Defense
1 - 100% - 60% - 0:12
2 - 0% - 40% - 0:00
PK3 Forward
1 - 0% - 60%
2 - 0% - 40%
PK3 Defense
1 - 0% - 60%
2 - 0% - 40%
44 Forward
1 - 0% - 60%
2 - 0% - 40%
44 Defense
1 - 0% - 60%
2 - 0% - 40%
Last Minute Offensive  - 0:00
Last Minute Defensive  - 0:00
Total
Forward - 60:00
Defense - 60:00

Play by Play

1st period


0:01 of 1st period - Ryan Carter wins face-off versus Mike Zigomanis in neutral zone.
0:10 of 1st period - Snap shot by Jamie Benn.
0:10 of 1st period - Shot Misses the Net.
0:26 of 1st period - Slapshot by Dan Fritsche.
0:26 of 1st period - Shot Misses the Net.
0:28 of 1st period - Slapshot by Willie Mitchell.
0:28 of 1st period - Stopped by Olivier Roy with a rebound.
0:30 of 1st period - Slapshot by Mark Fayne.
0:30 of 1st period - Deflect By Mike Sislo.
0:30 of 1st period - Goal by Mike Sislo - Influenza : 0 - Rafales : 1.
0:31 of 1st period - Nathan Davis wins face-off versus Evgeny Grachev in neutral zone.
1:00 of 1st period - Off-side.
1:01 of 1st period - Mike Zigomanis wins face-off versus Charlie Coyle in neutral zone.
1:04 of 1st period - Oskars Bartulis is hit by Mike Zigomanis and loses puck.
1:29 of 1st period - Snap shot by Corey Tropp.
1:29 of 1st period - Stopped by John Gibson with a rebound.
1:31 of 1st period - Snap shot by Jeff May.
1:31 of 1st period - Shot Misses the Net.
1:33 of 1st period - Slapshot by Jeff May.
1:33 of 1st period - Stopped by John Gibson with a rebound.
1:52 of 1st period - Off-side.
1:53 of 1st period - Evgeny Grachev wins face-off versus Cody McLeod in neutral zone.
2:18 of 1st period - Milan Bartovic is hit by Jamie Benn and loses puck.
3:24 of 1st period - Off-side.
3:25 of 1st period - Ryan Carter wins face-off versus Nathan Davis in neutral zone.
3:27 of 1st period - Off-side.
3:28 of 1st period - Nathan Davis wins face-off versus Ryan Carter in neutral zone.
3:55 of 1st period - Wrist shot by Mike Zigomanis.
3:55 of 1st period - Stopped by Olivier Roy with a rebound.
3:57 of 1st period - Wrist shot by Mike Zigomanis.
3:57 of 1st period - Stopped by Olivier Roy without a rebound.
3:58 of 1st period - Evgeny Grachev wins face-off versus Mike Zigomanis in Influenza zone.
4:03 of 1st period - Wrist shot by Evgeny Grachev.
4:03 of 1st period - Stopped by John Gibson without a rebound.
4:04 of 1st period - Mike Zigomanis wins face-off versus Evgeny Grachev in Rafales zone.
4:04 of 1st period - Mike Zigomanis is hit by Martins Karsums.
4:14 of 1st period - Slapshot by Cody McLeod.
4:14 of 1st period - Stopped by Olivier Roy without a rebound.
4:15 of 1st period - Ryan Carter wins face-off versus Mike Zigomanis in Influenza zone.
4:22 of 1st period - Snap shot by Jamie Benn.
4:22 of 1st period - Stopped by John Gibson with a rebound.
4:24 of 1st period - Snap shot by Ben Smith.
4:24 of 1st period - Goal by Ben Smith - Influenza : 1 - Rafales : 1.
4:25 of 1st period - Dan Fritsche wins face-off versus Ryan Carter in neutral zone.
4:28 of 1st period - Ben Smith is hit by Mike Sislo and loses puck.
5:43 of 1st period - Wrist shot by Corey Tropp.
5:43 of 1st period - Deflect By Ryan Russell.
5:43 of 1st period - Shot Blocked by Willie Mitchell.
5:43 of 1st period - Puck is out of play.
5:44 of 1st period - Mike Zigomanis wins face-off versus Ryan Carter in Rafales zone.
6:26 of 1st period - Slapshot by Mike Zigomanis.
6:26 of 1st period - Shot Blocked by Ryan Carter.
6:28 of 1st period - Slapshot by Cody McLeod.
6:28 of 1st period - Shot Misses the Net.
6:32 of 1st period - Wrist shot by Cody McLeod.
6:32 of 1st period - Goal by Cody McLeod - Influenza : 1 - Rafales : 2.
6:33 of 1st period - Evgeny Grachev wins face-off versus Nathan Davis in neutral zone.
6:44 of 1st period - Slapshot by Robbie Earl.
6:44 of 1st period - Stopped by John Gibson with a rebound.
7:02 of 1st period - Off-side.
7:03 of 1st period - Charlie Coyle wins face-off versus Dan Fritsche in neutral zone.
7:30 of 1st period - Slapshot by Cody McLeod.
7:30 of 1st period - Stopped by Olivier Roy without a rebound.
7:31 of 1st period - Ryan Carter wins face-off versus Mike Zigomanis in Influenza zone.
7:58 of 1st period - Icing by Robbie Earl.
7:59 of 1st period - Nathan Davis wins face-off versus Evgeny Grachev in Influenza zone.
8:04 of 1st period - Snap shot by Nathan Davis.
8:04 of 1st period - Stopped by Olivier Roy without a rebound.
8:05 of 1st period - Nathan Davis wins face-off versus Jamie Benn in Influenza zone.
8:32 of 1st period - Wrist shot by Robbie Earl.
8:32 of 1st period - Shot Misses the Net.
8:34 of 1st period - Snap shot by Martins Karsums.
8:34 of 1st period - Stopped by John Gibson with a rebound.
8:36 of 1st period - Slapshot by Tim Erixon.
8:36 of 1st period - Shot Blocked by Mark Fayne.
8:38 of 1st period - Snap shot by Evgeny Grachev.
8:38 of 1st period - Stopped by John Gibson without a rebound.
8:39 of 1st period - Evgeny Grachev wins face-off versus Nathan Davis in Rafales zone.
8:46 of 1st period - Wrist shot by Nathan Davis.
8:46 of 1st period - Goal by Nathan Davis - Influenza : 1 - Rafales : 3.
8:47 of 1st period - Jonathan Rheault wins face-off versus Ryan Carter in neutral zone.
8:51 of 1st period - Off-side.
8:52 of 1st period - Michael Bournival wins face-off versus Ryan Carter in neutral zone.
8:55 of 1st period - Matt Gilroy is hit by Jamie Benn and loses puck.
9:20 of 1st period - Wrist shot by Nathan Davis.
9:20 of 1st period - Shot Misses the Net.
9:22 of 1st period - Snap shot by Matt Gilroy.
9:22 of 1st period - Stopped by Olivier Roy with a rebound.
9:24 of 1st period - Slapshot by Jeff Skinner.
9:24 of 1st period - Shot Misses the Net.
9:26 of 1st period - Snap shot by Nathan Davis.
9:26 of 1st period - Shot Misses the Net.
9:28 of 1st period - Wrist shot by Nathan Davis.
9:28 of 1st period - Stopped by Olivier Roy with a rebound.
10:59 of 1st period - Tim Erixon is hit by Mike Zigomanis and loses puck.
11:06 of 1st period - Snap shot by Mike Zigomanis.
11:06 of 1st period - Stopped by Olivier Roy with a rebound.
11:08 of 1st period - Slapshot by Cody McLeod.
11:08 of 1st period - Stopped by Olivier Roy without a rebound.
11:09 of 1st period - Mike Zigomanis wins face-off versus Ryan Carter in Influenza zone.
11:12 of 1st period - Slapshot by Cody McLeod.
11:12 of 1st period - Deflect By Mike Zigomanis.
11:12 of 1st period - Stopped by Olivier Roy with a rebound.
11:14 of 1st period - Snap shot by Johan Ryno.
11:14 of 1st period - Goal by Johan Ryno - Influenza : 1 - Rafales : 4.
11:14 of 1st period - Thomas McCollum enters game.
11:15 of 1st period - Ryan Carter wins face-off versus Mike Zigomanis in neutral zone.
11:25 of 1st period - Minor Penalty to Matt Gilroy for Tripping.
11:26 of 1st period - Cody McLeod wins face-off versus Ryan Carter in Rafales zone.
11:30 of 1st period - Willie Mitchell is hit by Ben Smith and loses puck.
11:37 of 1st period - Wrist shot by Ben Smith.
11:37 of 1st period - Goal by Ben Smith - Influenza : 2 - Rafales : 4.
11:38 of 1st period - Dan Fritsche wins face-off versus Evgeny Grachev in neutral zone.
11:55 of 1st period - Bruno Gervais is hit by Evgeny Grachev and loses puck.
12:44 of 1st period - Icing by Charlie Coyle.
12:45 of 1st period - Kevin Veilleux wins face-off versus Andreas Engqvist in Influenza zone.
12:50 of 1st period - Wrist shot by Kevin Veilleux.
12:50 of 1st period - Stopped by Thomas McCollum with a rebound.
13:32 of 1st period - Johan Ryno is hit by Jeremy Morin and loses puck.
13:55 of 1st period - Snap shot by Martins Karsums.
13:55 of 1st period - Shot Misses the Net.
14:15 of 1st period - Nathan Davis is hit by Andreas Engqvist.
14:56 of 1st period - Ben Smith is hit by Matt Gilroy and loses puck.
15:01 of 1st period - Backhand shot by Jonathan Rheault.
15:01 of 1st period - Stopped by Thomas McCollum with a rebound.
15:03 of 1st period - Slapshot by Bruno Gervais.
15:03 of 1st period - Shot Blocked by Jamie Benn.
15:29 of 1st period - Jeff May is hit by Connor Murphy and loses puck.
16:04 of 1st period - Nathan Davis is hit by Evgeny Grachev and loses puck.
16:19 of 1st period - Tim Crowder is hit by Mathieu Carle and loses puck.
16:52 of 1st period - T.J Brodie is hit by Matt Gilroy and loses puck.
17:07 of 1st period - Willie Mitchell is hit by Martins Karsums and loses puck.
17:12 of 1st period - Wrist shot by Evgeny Grachev.
17:12 of 1st period - Shot Blocked by Mark Fayne.
17:14 of 1st period - Wrist shot by Evgeny Grachev.
17:14 of 1st period - Shot Misses the Net.
17:30 of 1st period - Snap shot by Jeff Skinner.
17:30 of 1st period - Shot Misses the Net.
17:48 of 1st period - Wrist shot by Ryan Carter.
17:48 of 1st period - Shot Misses the Net.
17:52 of 1st period - Snap shot by Ben Smith.
17:52 of 1st period - Goal by Ben Smith - Influenza : 3 - Rafales : 4.
17:53 of 1st period - Ryan Carter wins face-off versus Johan Ryno in neutral zone.
18:24 of 1st period - Off-side.
18:25 of 1st period - Ryan Carter wins face-off versus Nathan Davis in neutral zone.
18:50 of 1st period - Wrist shot by Evgeny Grachev.
18:50 of 1st period - Stopped by John Gibson with a rebound.
19:12 of 1st period - Mike Sislo is hit by T.J Galiardi and loses puck.
19:39 of 1st period - John Klingberg is hit by Bruno Gervais and loses puck.
Goals for this period are 3 for Influenza vs 4 for Rafales.
Shots for this period are 11 for Influenza vs 17 for Rafales.

2nd period


0:01 of 2nd period - Ryan Carter wins face-off versus Mike Zigomanis in neutral zone.
0:13 of 2nd period - Snap shot by Cody McLeod.
0:13 of 2nd period - Shot Blocked by Mathieu Carle.
0:15 of 2nd period - Snap shot by Mike Zigomanis.
0:15 of 2nd period - Shot Misses the Net.
0:34 of 2nd period - Snap shot by Milan Bartovic.
0:34 of 2nd period - Stopped by Thomas McCollum with a rebound.
1:10 of 2nd period - Snap shot by Ryan Russell.
1:10 of 2nd period - Deflect By Andreas Engqvist.
1:10 of 2nd period - Shot Misses the Net.
1:10 of 2nd period - Puck is out of play.
1:11 of 2nd period - Andreas Engqvist wins face-off versus Mike Zigomanis in Rafales zone.
1:47 of 2nd period - Snap shot by Jamie Benn.
1:47 of 2nd period - Shot Misses the Net.
2:01 of 2nd period - Evgeny Grachev is hit by Dan Fritsche and loses puck.
2:20 of 2nd period - Snap shot by T.J Galiardi.
2:20 of 2nd period - Stopped by John Gibson with a rebound.
3:01 of 2nd period - Snap shot by Nathan Davis.
3:01 of 2nd period - Stopped by Thomas McCollum with a rebound.
4:34 of 2nd period - Icing by John Klingberg.
4:35 of 2nd period - Nathan Davis wins face-off versus Ryan Carter in Influenza zone.
4:36 of 2nd period - Wrist shot by Milan Bartovic.
4:36 of 2nd period - Shot Blocked by Ben Smith.
4:50 of 2nd period - Snap shot by Ben Smith.
4:50 of 2nd period - Stopped by John Gibson with a rebound.
5:02 of 2nd period - Snap shot by Jamie Benn.
5:02 of 2nd period - Shot Misses the Net.
5:08 of 2nd period - Slapshot by Jonas Junland.
5:08 of 2nd period - Deflect By Dan Fritsche.
5:08 of 2nd period - Shot Hit the Post.
5:08 of 2nd period - Puck is out of play.
5:09 of 2nd period - Evgeny Grachev wins face-off versus Nathan Davis in Influenza zone.
5:09 of 2nd period - Evgeny Grachev is hit by Willie Mitchell.
5:23 of 2nd period - Willie Mitchell is hit by Evgeny Grachev and loses puck.
5:34 of 2nd period - T.J Galiardi is hit by Mike Sislo and loses puck.
5:44 of 2nd period - Wrist shot by Dan Fritsche.
5:44 of 2nd period - Stopped by Thomas McCollum without a rebound.
5:45 of 2nd period - Mike Zigomanis wins face-off versus Jamie Benn in Influenza zone.
5:48 of 2nd period - Snap shot by Johan Ryno.
5:48 of 2nd period - Shot Blocked by Brian Salcido.
5:50 of 2nd period - Wrist shot by Johan Ryno.
5:50 of 2nd period - Shot Blocked by Ben Smith.
6:10 of 2nd period - Jamie Benn is hit by Tim Crowder and loses puck.
6:22 of 2nd period - Wrist shot by Dan Fritsche.
6:22 of 2nd period - Shot Misses the Net.
6:40 of 2nd period - Wrist shot by Martins Karsums.
6:40 of 2nd period - Shot Misses the Net.
6:52 of 2nd period - Mathieu Carle is hit by Kevin Veilleux and loses puck.
7:01 of 2nd period - Wrist shot by Michael Bournival.
7:01 of 2nd period - Stopped by Thomas McCollum with a rebound.
7:13 of 2nd period - Mike Zigomanis is hit by Ryan Russell and loses puck.
7:20 of 2nd period - Andreas Engqvist is hit by Cody McLeod and loses puck.
7:59 of 2nd period - Charlie Coyle is hit by Jeff Skinner and loses puck.
8:06 of 2nd period - Snap shot by Milan Bartovic.
8:06 of 2nd period - Goal by Milan Bartovic - Influenza : 3 - Rafales : 5.
8:07 of 2nd period - Ryan Carter wins face-off versus Mike Zigomanis in neutral zone.
8:10 of 2nd period - Mike Zigomanis is hit by Matt Corrente and loses puck.
8:19 of 2nd period - Snap shot by Ben Smith.
8:19 of 2nd period - Shot Blocked by Johan Ryno.
8:21 of 2nd period - Wrist shot by Ryan Carter.
8:21 of 2nd period - Shot Misses the Net.
8:23 of 2nd period - Slapshot by Matt Corrente.
8:23 of 2nd period - Shot Blocked by Matt Gilroy.
8:33 of 2nd period - Matt Corrente is hit by Milan Bartovic and loses puck.
9:16 of 2nd period - Slapshot by Corey Tropp.
9:16 of 2nd period - Shot Blocked by Matt Gilroy.
10:50 of 2nd period - Snap shot by T.J Galiardi.
10:50 of 2nd period - Stopped by John Gibson without a rebound.
10:51 of 2nd period - Ryan Carter wins face-off versus Mike Zigomanis in Rafales zone.
11:16 of 2nd period - Evgeny Grachev is hit by Mark Fayne and loses puck.
11:39 of 2nd period - Wrist shot by Jeremy Morin.
11:39 of 2nd period - Goal by Jeremy Morin - Influenza : 4 - Rafales : 5.
11:40 of 2nd period - Mike Zigomanis wins face-off versus Ryan Carter in neutral zone.
11:43 of 2nd period - Snap shot by Bruno Gervais.
11:43 of 2nd period - Shot Misses the Net.
11:45 of 2nd period - Slapshot by Matt Gilroy.
11:45 of 2nd period - Deflect By Johan Ryno.
11:45 of 2nd period - Shot Misses the Net.
11:45 of 2nd period - Puck is out of play.
11:46 of 2nd period - Ben Smith wins face-off versus Mike Zigomanis in Influenza zone.
12:14 of 2nd period - Off-side.
12:15 of 2nd period - Martins Karsums wins face-off versus Nathan Davis in neutral zone.
12:17 of 2nd period - Off-side.
12:18 of 2nd period - Mike Zigomanis wins face-off versus Evgeny Grachev in neutral zone.
13:00 of 2nd period - Snap shot by Nathan Davis.
13:00 of 2nd period - Stopped by Thomas McCollum without a rebound.
13:01 of 2nd period - Dan Fritsche wins face-off versus Ryan Carter in Influenza zone.
14:23 of 2nd period - Off-side.
14:24 of 2nd period - Ryan Carter wins face-off versus Mike Zigomanis in neutral zone.
14:34 of 2nd period - Icing by Jeff May.
14:35 of 2nd period - Mike Zigomanis wins face-off versus Ben Smith in Influenza zone.
14:48 of 2nd period - Slapshot by Jamie Benn.
14:48 of 2nd period - Shot Misses the Net.
15:13 of 2nd period - Cody McLeod is hit by Jamie Benn and loses puck.
15:40 of 2nd period - Wrist shot by Ryan Carter.
15:40 of 2nd period - Shot Misses the Net.
16:33 of 2nd period - Jamie Benn is hit by Mark Fayne and loses puck.
17:07 of 2nd period - Bruno Gervais is hit by Oskars Bartulis and loses puck.
17:12 of 2nd period - Snap shot by Ben Smith.
17:12 of 2nd period - Shot Misses the Net.
17:14 of 2nd period - Snap shot by Ryan Carter.
17:14 of 2nd period - Stopped by John Gibson with a rebound.
17:16 of 2nd period - Slapshot by Jeff May.
17:16 of 2nd period - Shot Blocked by Mark Fayne.
17:18 of 2nd period - Snap shot by Ryan Carter.
17:18 of 2nd period - Shot Blocked by Bruno Gervais.
17:34 of 2nd period - Wrist shot by Ryan Carter.
17:34 of 2nd period - Shot Misses the Net.
17:36 of 2nd period - Slapshot by Jamie Benn.
17:36 of 2nd period - Stopped by John Gibson without a rebound.
17:37 of 2nd period - Nathan Davis wins face-off versus Evgeny Grachev in Rafales zone.
18:07 of 2nd period - Slapshot by Jonas Junland.
18:07 of 2nd period - Stopped by Thomas McCollum without a rebound.
18:08 of 2nd period - Charlie Coyle wins face-off versus Dan Fritsche in Influenza zone.
18:41 of 2nd period - Slapshot by Martins Karsums.
18:41 of 2nd period - Shot Blocked by Jeff Skinner.
18:43 of 2nd period - Snap shot by Robbie Earl.
18:43 of 2nd period - Stopped by John Gibson with a rebound.
19:01 of 2nd period - Snap shot by Andreas Engqvist.
19:01 of 2nd period - Stopped by John Gibson without a rebound.
19:02 of 2nd period - Dan Fritsche wins face-off versus Andreas Engqvist in Rafales zone.
19:11 of 2nd period - Mathieu Carle is hit by Mike Sislo and loses puck.
19:57 of 2nd period - Icing by Jonas Junland.
19:58 of 2nd period - Nathan Davis wins face-off versus Charlie Coyle in Rafales zone.
Goals for this period are 1 for Influenza vs 1 for Rafales.
Shots for this period are 8 for Influenza vs 7 for Rafales.

3rd period


0:01 of 3rd period - Evgeny Grachev wins face-off versus Mike Zigomanis in neutral zone.
0:26 of 3rd period - Milan Bartovic is hit by Mathieu Carle and loses puck.
0:33 of 3rd period - Snap shot by Ben Smith.
0:33 of 3rd period - Stopped by John Gibson with a rebound.
0:35 of 3rd period - Snap shot by Ryan Carter.
0:35 of 3rd period - Stopped by John Gibson with a rebound.
0:39 of 3rd period - Wrist shot by Ryan Carter.
0:39 of 3rd period - Stopped by John Gibson with a rebound.
1:41 of 3rd period - Wrist shot by Evgeny Grachev.
1:41 of 3rd period - Stopped by John Gibson without a rebound.
1:42 of 3rd period - Kevin Veilleux wins face-off versus Ryan Carter in Rafales zone.
1:51 of 3rd period - Wrist shot by Michael Bournival.
1:51 of 3rd period - Stopped by Thomas McCollum with a rebound.
1:55 of 3rd period - Wrist shot by Michael Bournival.
1:55 of 3rd period - Shot Misses the Net.
1:57 of 3rd period - Slapshot by Mark Fayne.
1:57 of 3rd period - Shot Blocked by Mathieu Carle.
1:59 of 3rd period - Slapshot by Kevin Veilleux.
1:59 of 3rd period - Shot Misses the Net.
2:01 of 3rd period - Slapshot by Kevin Veilleux.
2:01 of 3rd period - Shot Misses the Net.
2:03 of 3rd period - Snap shot by Jonathan Rheault.
2:03 of 3rd period - Shot Misses the Net.
2:07 of 3rd period - Wrist shot by Michael Bournival.
2:07 of 3rd period - Goal by Michael Bournival - Influenza : 4 - Rafales : 6.
2:08 of 3rd period - Mike Zigomanis wins face-off versus Evgeny Grachev in neutral zone.
2:34 of 3rd period - Jamie Benn is hit by Jeff Skinner.
2:42 of 3rd period - Mathieu Carle is hit by Milan Bartovic.
3:35 of 3rd period - Slapshot by Matt Corrente.
3:35 of 3rd period - Shot Misses the Net.
4:11 of 3rd period - Jamie Benn is hit by Mike Sislo and loses puck.
4:20 of 3rd period - Wrist shot by Dan Fritsche.
4:20 of 3rd period - Shot Misses the Net.
4:32 of 3rd period - Slapshot by Jeremy Morin.
4:32 of 3rd period - Shot Misses the Net.
4:38 of 3rd period - T.J Brodie is hit by Kevin Veilleux and loses puck.
4:51 of 3rd period - Snap shot by Martins Karsums.
4:51 of 3rd period - Shot Misses the Net.
4:53 of 3rd period - Snap shot by Evgeny Grachev.
4:53 of 3rd period - Shot Blocked by Bruno Gervais.
4:55 of 3rd period - Slapshot by T.J Brodie.
4:55 of 3rd period - Stopped by John Gibson without a rebound.
4:56 of 3rd period - Mike Zigomanis wins face-off versus Evgeny Grachev in Rafales zone.
5:09 of 3rd period - Slapshot by John Klingberg.
5:09 of 3rd period - Deflect By Mike Zigomanis.
5:09 of 3rd period - Stopped by John Gibson without a rebound.
5:10 of 3rd period - Nathan Davis wins face-off versus Ryan Carter in Rafales zone.
5:10 of 3rd period - Nathan Davis is hit by Ben Smith.
5:50 of 3rd period - Tim Crowder is hit by Evgeny Grachev and loses puck.
7:44 of 3rd period - Snap shot by Martins Karsums.
7:44 of 3rd period - Stopped by John Gibson with a rebound.
7:46 of 3rd period - Slapshot by Mathieu Carle.
7:46 of 3rd period - Shot Blocked by Bruno Gervais.
7:58 of 3rd period - Mathieu Carle is hit by Bruno Gervais and loses puck.
8:05 of 3rd period - Matt Gilroy is hit by Robbie Earl and loses puck.
8:20 of 3rd period - Slapshot by Martins Karsums.
8:20 of 3rd period - Stopped by John Gibson without a rebound.
8:21 of 3rd period - Ryan Carter wins face-off versus Mike Zigomanis in Rafales zone.
8:57 of 3rd period - Tim Erixon is hit by Jeff Skinner and loses puck.
9:34 of 3rd period - Jamie Benn is hit by Cody McLeod and loses puck.
9:55 of 3rd period - Off-side.
9:56 of 3rd period - Kevin Veilleux wins face-off versus Andreas Engqvist in neutral zone.
10:15 of 3rd period - Wrist shot by Kevin Veilleux.
10:15 of 3rd period - Stopped by Thomas McCollum without a rebound.
10:16 of 3rd period - Mike Zigomanis wins face-off versus Ryan Carter in Influenza zone.
10:47 of 3rd period - Snap shot by Dan Fritsche.
10:47 of 3rd period - Stopped by Thomas McCollum without a rebound.
10:48 of 3rd period - Dan Fritsche wins face-off versus Charlie Coyle in Influenza zone.
10:49 of 3rd period - Snap shot by Tim Crowder.
10:49 of 3rd period - Goal by Tim Crowder - Influenza : 4 - Rafales : 7.
10:50 of 3rd period - Mike Zigomanis wins face-off versus Ryan Carter in neutral zone.
10:55 of 3rd period - Slapshot by Cody McLeod.
10:55 of 3rd period - Shot Misses the Net.
10:57 of 3rd period - Snap shot by Johan Ryno.
10:57 of 3rd period - Stopped by Thomas McCollum without a rebound.
10:58 of 3rd period - Mike Zigomanis wins face-off versus Ryan Carter in Influenza zone.
10:59 of 3rd period - Snap shot by Cody McLeod.
10:59 of 3rd period - Stopped by Thomas McCollum with a rebound.
11:01 of 3rd period - Slapshot by Matt Gilroy.
11:01 of 3rd period - Shot Blocked by Jamie Benn.
11:03 of 3rd period - Slapshot by Matt Gilroy.
11:03 of 3rd period - Stopped by Thomas McCollum with a rebound.
11:07 of 3rd period - Snap shot by Johan Ryno.
11:07 of 3rd period - Shot Misses the Net.
11:09 of 3rd period - Snap shot by Johan Ryno.
11:09 of 3rd period - Deflect By Cody McLeod.
11:09 of 3rd period - Shot Misses the Net.
11:09 of 3rd period - Puck is out of play.
11:10 of 3rd period - Nathan Davis wins face-off versus Ryan Carter in Influenza zone.
11:17 of 3rd period - Snap shot by Milan Bartovic.
11:17 of 3rd period - Deflect By Nathan Davis.
11:17 of 3rd period - Shot Blocked by Matt Corrente.
11:17 of 3rd period - Puck is out of play.
11:18 of 3rd period - Nathan Davis wins face-off versus Ryan Carter in Influenza zone.
11:23 of 3rd period - Snap shot by Nathan Davis.
11:23 of 3rd period - Stopped by Thomas McCollum with a rebound.
11:25 of 3rd period - Slapshot by Matt Gilroy.
11:25 of 3rd period - Stopped by Thomas McCollum with a rebound.
11:27 of 3rd period - Slapshot by Bruno Gervais.
11:27 of 3rd period - Stopped by Thomas McCollum with a rebound.
11:29 of 3rd period - Snap shot by Bruno Gervais.
11:29 of 3rd period - Shot Misses the Net.
11:33 of 3rd period - Slapshot by Nathan Davis.
11:33 of 3rd period - Shot Misses the Net.
11:53 of 3rd period - Wrist shot by Cody McLeod.
11:53 of 3rd period - Stopped by Thomas McCollum with a rebound.
12:13 of 3rd period - Snap shot by Evgeny Grachev.
12:13 of 3rd period - Goal by Evgeny Grachev - Influenza : 5 - Rafales : 7.
12:14 of 3rd period - Nathan Davis wins face-off versus Ryan Carter in neutral zone.
13:02 of 3rd period - Robbie Earl is hit by Michael Bournival and loses puck.
13:21 of 3rd period - Tim Erixon is hit by Mike Sislo and loses puck.
13:26 of 3rd period - Wrist shot by Dan Fritsche.
13:26 of 3rd period - Shot Misses the Net.
14:39 of 3rd period - Slapshot by Mike Zigomanis.
14:39 of 3rd period - Shot Misses the Net.
14:56 of 3rd period - Snap shot by Jeff Skinner.
14:56 of 3rd period - Shot Misses the Net.
15:40 of 3rd period - Ben Smith is hit by Kevin Veilleux and loses puck.
16:23 of 3rd period - Minor Penalty to Evgeny Grachev for Interference.
16:24 of 3rd period - Jamie Benn wins face-off versus Mike Zigomanis in Influenza zone.
16:50 of 3rd period - Mathieu Carle is hit by Jeff Skinner and loses puck.
17:49 of 3rd period - Icing by Matt Gilroy.
17:50 of 3rd period - Jamie Benn wins face-off versus Nathan Davis in Rafales zone.
18:08 of 3rd period - Snap shot by Ben Smith.
18:08 of 3rd period - Shot Misses the Net.
18:23 of 3rd period - Penalty to Evgeny Grachev is over, Evgeny Grachev is back on ice.
18:32 of 3rd period - Slapshot by Matt Corrente.
18:32 of 3rd period - Stopped by John Gibson with a rebound.
Goals for this period are 1 for Influenza vs 2 for Rafales.
Shots for this period are 10 for Influenza vs 12 for Rafales.